| TOP OF THE 1ST |
|---|
| Florida State Seminoles batting - Pitching for Boston College Eagles : LHP Travis Cole | | Pitching: LHP Travis Cole | | | Batting: LHB Matt Stancliff | 0-0: Called Strike 0-1: Ball 1-1: Swinging Strike 1-2: Ball 2-2: Ball 3-2: Foul Ball, location: 2F 3-2: Base on Balls | | Batting: RHB Austin Ricks | 0-0: Ball 1-0: Ball 2-0: Ball 3-0: Called Strike 3-1: Fly out, F6 (Popup, 6M) | | Batting: RHB Steve Wilson | 0-0: Fly out, F8 (Flyball, 8RD) | | Batting: RHB Scott Harroun | 0-0: Called Strike 0-1: Ball 1-1: SINGLE (Groundball, 56S) (infield hit) Matt Stancliff to second | | Batting: RHB Garrett Fortson | 0-0: Ball 1-0: Ball 2-0: Called Strike 2-1: Ball 3-1: Foul Ball, location: 2F 3-2: Fly out, F8 (Flyball, 8LD) | | Top of the 1st over - 0 runs, 1 hit, 0 errors, 2 left on base; Florida State 0 - Boston College 0 | | BOTTOM OF THE 1ST |
|---|
| Boston College Eagles batting - Pitching for Florida State Seminoles : RHP Chad Booth | | Pitching: RHP Chad Booth | | | Batting: LHB Chris Gurski | 0-0: Foul Ball, location: 2F 0-1: Ball 1-1: Swinging Strike 1-2: Foul Ball, location: 2F 1-2: Fly out, F8 (Flyball, 8LD) | | Batting: LHB Aaron Kolkmeier | 0-0: Ball 1-0: Foul Ball, location: 2F 1-1: Ball 2-1: Called Strike 2-2: Ball 3-2: SINGLE (Line Drive, 6MD) | | Batting: RHB Luke Gregoire | 0-0: Ball 1-0: Ball 2-0: Called Strike 2-1: Swinging Strike 2-2: Fly out, F9 (Flyball, 9LDF) | | Batting: RHB Danny Carson | 0-0: Ball 1-0: Foul Ball, location: 2F 1-1: Fly out, F3 (Popup, 3S) | | Bottom of the 1st over - 0 runs, 1 hit, 0 errors, 1 left on base; Florida State 0 - Boston College 0 | | TOP OF THE 2ND |
|---|
| Florida State Seminoles batting - Pitching for Boston College Eagles : LHP Travis Cole | | Batting: RHB Ryan Babcock | 0-0: Ball 1-0: Ball 2-0: Ground out 1-3 (Groundball, 13S) | | Batting: RHB Matt Bruckman | 0-0: Called Strike 0-1: Ball 1-1: Ball 2-1: Ball 3-1: Base on Balls | | Batting: RHB Nick Seales | 0-0: Ball 1-0: Called Strike 1-1: Swinging Strike 1-2: Strikes out swinging | | Batting: LHB Justin Valdez | 0-0: Ball 1-0: Ball 2-0: Ground out U3 (Groundball, 3S) | | Top of the 2nd over - 0 runs, 0 hits, 0 errors, 1 left on base; Florida State 0 - Boston College 0 | | BOTTOM OF THE 2ND |
|---|
| Boston College Eagles batting - Pitching for Florida State Seminoles : RHP Chad Booth | | Batting: RHB Bob Stevens | 0-0: Ball 1-0: Ball 2-0: Ball 3-0: Called Strike 3-1: Ground out 5-3 (Groundball, 56) | | Batting: RHB Bobby Krueger | 0-0: Called Strike 0-1: Ball 1-1: Ball 2-1: Ball 3-1: Foul Ball, location: 2F 3-2: Base on Balls | | Batting: LHB Tom Cherry | 0-0: Called Strike 0-1: Ball 1-1: Fly out, F8 (Flyball, 8LM) | | Batting: RHB Brian Allen | 0-0: Foul Ball, location: 2F 0-1: Ball 1-1: Fielders Choice at 2nd, 6-4 (Groundball, 6) | | Bottom of the 2nd over - 0 runs, 0 hits, 0 errors, 1 left on base; Florida State 0 - Boston College 0 | | TOP OF THE 3RD |
|---|
| Florida State Seminoles batting - Pitching for Boston College Eagles : LHP Travis Cole | | Batting: LHB Matt Stancliff | 0-0: Ball 1-0: Foul Ball, location: 2F 1-1: Foul Ball, location: 2F 1-2: Ground out 4-3 (Groundball, 6M) | | Batting: RHB Austin Ricks | 0-0: Ball 1-0: Ball 2-0: Ball 3-0: Base on Balls | | Batting: RHB Steve Wilson | 0-0: Ball 1-0: Ball 2-0: Called Strike 2-1: Fly out, F9 (Flyball, 9LMF) | | Batting: RHB Scott Harroun | 0-0: Ball Austin Ricks is caught stealing 2nd base | | Top of the 3rd over - 0 runs, 0 hits, 0 errors, 0 left on base; Florida State 0 - Boston College 0 | | BOTTOM OF THE 3RD |
|---|
| Boston College Eagles batting - Pitching for Florida State Seminoles : RHP Chad Booth | | Batting: RHB Chase Hively | 0-0: Called Strike 0-1: Called Strike 0-2: Ball 1-2: SINGLE (Groundball, 3D) | | Batting: LHB Chris Gurski | 0-0: Called Strike 0-1: Ball 1-1: Foul Ball, location: 2F 1-2: Foul Ball, location: 2F 1-2: Foul Ball, location: 2F 1-2: Fly out, F4 (Line Drive, 4M) | | Batting: LHB Aaron Kolkmeier | 0-0: Ball 1-0: Called Strike 1-1: Grounds into double play, 4-3-6 (Groundball, 34D) | | Bottom of the 3rd over - 0 runs, 1 hit, 0 errors, 0 left on base; Florida State 0 - Boston College 0 | | TOP OF THE 4TH |
|---|
| Florida State Seminoles batting - Pitching for Boston College Eagles : LHP Travis Cole | | Batting: RHB Scott Harroun | 0-0: Ball 1-0: Ball 2-0: Called Strike 2-1: Foul Ball, location: 2F 2-2: Strikes out swinging | | Batting: RHB Garrett Fortson | 0-0: Ball 1-0: Called Strike 1-1: Called Strike 1-2: Ground out 6-3 (Groundball, 6S) | | Batting: RHB Ryan Babcock | 0-0: Called Strike 0-1: Ball 1-1: Called Strike 1-2: Ball 2-2: Strikes out swinging | | Top of the 4th over - 0 runs, 0 hits, 0 errors, 0 left on base; Florida State 0 - Boston College 0 | | BOTTOM OF THE 4TH |
|---|
| Boston College Eagles batting - Pitching for Florida State Seminoles : RHP Chad Booth | | Batting: RHB Luke Gregoire | 0-0: Called Strike 0-1: Foul Ball, location: 2F 0-2: Foul Ball, location: 2F 0-2: Foul Ball, location: 2F 0-2: Foul Ball, location: 2F 0-2: Ball 1-2: Ball 2-2: Ground out U3 (Groundball, 34) | | Batting: RHB Danny Carson | 0-0: Fly out, F5 (Popup, 15) | | Batting: RHB Bob Stevens | 0-0: Called Strike 0-1: Reached on error, E5 (Groundball, 56S) | | Batting: RHB Bobby Krueger | 0-0: Ball 1-0: Fly out, F9 (Flyball, 9LD) | | Bottom of the 4th over - 0 runs, 0 hits, 1 error, 1 left on base; Florida State 0 - Boston College 0 | | TOP OF THE 5TH |
|---|
| Florida State Seminoles batting - Pitching for Boston College Eagles : LHP Travis Cole | | Batting: RHB Matt Bruckman | 0-0: Called Strike 0-1: Ball 1-1: Ball 2-1: Swinging Strike 2-2: Strikes out looking | | Batting: RHB Nick Seales | 0-0: Ball 1-0: Fly out, F3 (Popup, 3F) | | Batting: LHB Justin Valdez | 0-0: Ball 1-0: Foul Ball, location: 2F 1-1: Fly out, F8 (Flyball, 8RM) | | Top of the 5th over - 0 runs, 0 hits, 0 errors, 0 left on base; Florida State 0 - Boston College 0 | | BOTTOM OF THE 5TH |
|---|
| Boston College Eagles batting - Pitching for Florida State Seminoles : RHP Chad Booth | | Batting: LHB Tom Cherry | 0-0: Foul Ball, location: 2F 0-1: Ball 1-1: Foul Ball, location: 2F 1-2: Ball 2-2: Ball 3-2: Base on Balls | | Batting: RHB Brian Allen | 0-0: Ball 1-0: Bunted foul 1-1: Bunted foul 1-2: Ball 2-2: Foul Ball, location: 2F 2-2: Ball 3-2: Foul Ball, location: 2F 3-2: Strikes out looking | | Batting: RHB Chase Hively | 0-0: Ball 1-0: Ground out 5-3 (Groundball, 56S) Tom Cherry to second | | Batting: LHB Chris Gurski | 0-0: Ball 1-0: Foul Ball, location: 2F 1-1: 2-RUN HOME RUN (Flyball, 9D), Distance : 367 ft | | Batting: LHB Aaron Kolkmeier | 0-0: Called Strike 0-1: Swinging Strike 0-2: Foul Ball, location: 2F 0-2: Ball 1-2: Foul Ball, location: 2F 1-2: Foul Ball, location: 2F 1-2: Foul Ball, location: 2F 1-2: Foul Ball, location: 2F 1-2: Fly out, F8 (Line Drive, 8LD) | | Bottom of the 5th over - 2 runs, 1 hit, 0 errors, 0 left on base; Florida State 0 - Boston College 2 | | TOP OF THE 6TH |
|---|
| Florida State Seminoles batting - Pitching for Boston College Eagles : LHP Travis Cole | | Batting: LHB Matt Stancliff | 0-0: Swinging Strike 0-1: Ground out 6-3 (Groundball, 6) | | Batting: RHB Austin Ricks | 0-0: Ball 1-0: Foul Ball, location: 2F 1-1: Called Strike 1-2: Ball 2-2: Ball 3-2: Base on Balls | | Batting: RHB Steve Wilson | 0-0: Called Strike 0-1: Ground out 4-3 (Groundball, 34D) Austin Ricks to second | | Batting: RHB Scott Harroun | 0-0: SINGLE (Flyball, 9LM) Austin Ricks to third Runner from 3rd tries for Home, SAFE, throw made home | | Batting: RHB Garrett Fortson | 0-0: Called Strike 0-1: Ball 1-1: Fly out, F6 (Popup, 6MS) | | Top of the 6th over - 1 run, 1 hit, 0 errors, 1 left on base; Florida State 1 - Boston College 2 | | BOTTOM OF THE 6TH |
|---|
| Boston College Eagles batting - Pitching for Florida State Seminoles : RHP Chad Booth | | Batting: RHB Luke Gregoire | 0-0: Fly out, F9 (Line Drive, 9S) | | Batting: RHB Danny Carson | 0-0: Called Strike 0-1: Ball 1-1: Ball 2-1: Called Strike 2-2: Strikes out swinging | | Batting: RHB Bob Stevens | 0-0: Called Strike 0-1: Ball 1-1: Foul Ball, location: 2F 1-2: Ball 2-2: Foul Ball, location: 2F 2-2: Strikes out looking | | Bottom of the 6th over - 0 runs, 0 hits, 0 errors, 0 left on base; Florida State 1 - Boston College 2 | | TOP OF THE 7TH |
|---|
| Florida State Seminoles batting - Pitching for Boston College Eagles : LHP Travis Cole | | Batting: RHB Ryan Babcock | 0-0: Ball 1-0: SINGLE (Groundball, 56D) | | Batting: RHB Matt Bruckman | 0-0: Ball 1-0: Sac Bunt - play at first, batter OUT! 3-4 Ryan Babcock to second | | Batting: RHB Nick Seales | 0-0: Called Strike 0-1: Swinging Strike 0-2: Ball 1-2: Ball 2-2: Ball Wild Pitch! Ryan Babcock to third 3-2: Base on Balls | | Batting: LHB Justin Valdez | 0-0: Squeeze Bunt - play home, runner OUT, batter safe! 3-2 Nick Seales to second | | Batting: LHB Matt Stancliff | 0-0: Ball 1-0: Ball 2-0: Ball 3-0: Called Strike 3-1: Called Strike 3-2: Ground out 5-3 (Groundball, 56) | | Top of the 7th over - 0 runs, 1 hit, 0 errors, 2 left on base; Florida State 1 - Boston College 2 | | BOTTOM OF THE 7TH |
|---|
| Boston College Eagles batting - Pitching for Florida State Seminoles : RHP Chad Booth | | Batting: RHB Bobby Krueger | 0-0: Swinging Strike 0-1: Swinging Strike 0-2: Ball 1-2: Ball 2-2: Ball 3-2: Strikes out swinging passed ball, reaches first! | | Batting: LHB Tom Cherry | 0-0: Called Strike Bobby Krueger steals 2nd base 0-1: Called Strike 0-2: Ball 1-2: Strikes out looking | | Batting: RHB Brian Allen | 0-0: Intentional Walk | | Pitching: RHP Chris Swinford | | | Batting: RHB Chase Hively | 0-0: Ball 1-0: Swinging Strike 1-1: Foul Ball, location: 2F 1-2: Ball 2-2: Strikes out swinging | | Batting: LHB Chris Gurski | 0-0: Swinging Strike 0-1: Ground out 4-3 (Groundball, 4) | | Bottom of the 7th over - 0 runs, 0 hits, 0 errors, 2 left on base; Florida State 1 - Boston College 2 | | TOP OF THE 8TH |
|---|
| Florida State Seminoles batting - Pitching for Boston College Eagles : LHP Travis Cole | | Batting: RHB Austin Ricks | 0-0: Ball 1-0: Called Strike 1-1: Ball 2-1: Ground out 5-3 (Groundball, 56S) | | Batting: RHB Steve Wilson | 0-0: Ball 1-0: Called Strike 1-1: SINGLE (Flyball, 7LS) | | Pitching: RHP Mike Beckert | | | Pinch Hitting: LHB Kyle Thomas | 0-0: Fly out, F7 (Flyball, 78M) | | Batting: RHB Garrett Fortson | 0-0: Called Strike 0-1: Ball 1-1: Called Strike 1-2: Strikes out looking | | Top of the 8th over - 0 runs, 1 hit, 0 errors, 1 left on base; Florida State 1 - Boston College 2 | | BOTTOM OF THE 8TH |
|---|
| Boston College Eagles batting - Pitching for Florida State Seminoles : RHP Chris Swinford | | Now in RF: Kyle Thomas | | | Batting: LHB Aaron Kolkmeier | 0-0: Ball 1-0: Called Strike 1-1: Swinging Strike 1-2: SINGLE (Flyball, 8LS) | | Pinch Hitting: RHB Jaylen Richardson | 0-0: Foul Ball, location: 2F 0-1: Swinging Strike 0-2: Strikes out swinging | | Batting: RHB Danny Carson | 0-0: Fly out, F7 (Flyball, 7LM) | | Pinch Hitting: RHB Pete Rodgers | 0-0: Ground out 5-3 (Groundball, 56S) | | Bottom of the 8th over - 0 runs, 1 hit, 0 errors, 1 left on base; Florida State 1 - Boston College 2 | | TOP OF THE 9TH |
|---|
| Florida State Seminoles batting - Pitching for Boston College Eagles : RHP Mike Beckert | | Now at 3B: Pete Rodgers | | | Now in LF: Tom Marler | | | Batting: RHB Ryan Babcock | 0-0: Ball | | Now in CF: Joe Gilley | 1-0: Called Strike 1-1: Foul Ball, location: 2F 1-2: Foul Ball, location: 2F 1-2: Ball 2-2: Ball 3-2: Base on Balls | | Batting: RHB Matt Bruckman | 0-0: Bunted foul 0-1: Ball 1-1: Ball 2-1: Sac Bunt - play at first, batter OUT! 3-4 Ryan Babcock to second | | Batting: RHB Nick Seales | 0-0: Called Strike 0-1: Swinging Strike 0-2: Strikes out looking | | Batting: LHB Justin Valdez | 0-0: Ball 1-0: Foul Ball, location: 2F 1-1: Ball 2-1: Foul Ball, location: 2F 2-2: Ball 3-2: Ground out 4-3 (Groundball, 4) | | Top of the 9th over - 0 runs, 0 hits, 0 errors, 1 left on base; Florida State 1 - Boston College 2 | |